 Dungeon Crawl Stone Soup version 0.02-32-ge3bdf778cf (webtiles) character file.

Game seed: 14187484303477356985, levelgen mode: deterministic

4 Lanoc the Questioner (level 1, 0/14 HPs) Immature Draconian Priest. Began on Aug 16, 2020. Was an Initiate of Ru. Slain by a cinder newt (3 damage) ... on level 1 of the Dungeon. The game lasted 00:00:59 (138 turns).

Lanoc the Questioner (Immature Draconian Priest)     Turns: 138, Time: 00:01:00

Health: 0/14       AC:  5    Str: 18    XL:     1 ^: 6
Magic:  3/3        EV: 12    Int: 10    God:    Ru [0* [10]]
Gold:   6          SH:  0    Dex:  8    Spells: 0/0 levels left

rFire    . . .     Vision   .     - Unarmed
rCold    . . .     Gourm    .     - Unarmed
rNeg     . . .     Faith    .   (armour unavailable)
rPois    .         Spirit   .   (helmet restricted)
rElec    .         Reflect  .   (no cloak)
rCorr    .         Harm     .   (no gloves)
MR       .....                  (no boots)
Stlth    +.........             (no amulet)
HPRegen  0.14/turn              (no ring)
MPRegen  0.13/turn              (no ring)

@: short of breath
A: no body armour, unfitting armour, cold-blooded, AC +5
a: Breathe Dart, Sacrifice Courage, Sacrifice Stealth, Sacrifice Arcana, Reject
Sacrifices, Renounce Religion


You were on level 1 of the Dungeon.
You worshipped Ru.
Ru was noncommittal.
You were not hungry.

You visited 1 branch of the dungeon, and saw 2 of its levels.
You also visited: Temple.

You collected 6 gold pieces.

Inventory:

Potions
 b - a potion of curing
Comestibles
 a - 2 rations


   Skills:
 + Level 1.5 Dodging
 + Level 1.5 Stealth
 + Level 2.9 Unarmed Combat
   Level 4.0 Invocations


You couldn't memorise any spells.
You didn't know any spells.
Your spell library was empty.

Dungeon Overview and Level Annotations

Branches:
Dungeon (2/8)

Altars:


Innate Abilities, Weirdness & Mutations

You cannot fit into any form of body armour.
Your plain brown scales are hard. (AC +5)
You can breathe rudimentary magical darts.
You are cold-blooded and may be slowed by cold attacks.


Message History

The leopard gecko is almost dead. (1/5) HP You barely miss the leopard gecko. x2
The leopard gecko closely misses you (0).
You hit the leopard gecko (1).
You kill the leopard gecko!
You closely miss the cinder newt. You hit the cinder newt (3).
The cinder newt is moderately wounded. (9/12) HP You closely miss the cinder newt.
You barely miss the cinder newt. The cinder newt barely misses you (0).
You hit the cinder newt (4).
The cinder newt is heavily wounded. (5/12) HP You barely miss the cinder newt.
The cinder newt is heavily wounded. (5/12) HP You miss the cinder newt. x2; The cinder newt bites you (0).
The cinder newt burns you!
* * * LOW HITPOINT WARNING * * *
You barely miss the cinder newt. x2
You closely miss the cinder newt. You miss the cinder newt.
The cinder newt bites you (0). The cinder newt burns you!
You die...

.# .# ########.####
#......#....#
#####......#....#
#..........#....#
#..>.....###....#..
#........ll@.......
#........S##+##...#
#........... .
.[.............
.................
.................#
....##.##...#..####
#. #...#..#


You could see 2 cinder newts and a ball python.

Vanquished Creatures
  A leopard gecko (D:1)
  A hobgoblin (D:1)
  A bat (D:1)
3 creatures vanquished.

Vanquished Creatures (others)
  4 withered plants (D:2)
4 creatures vanquished.

Grand Total: 7 creatures vanquished

Notes
Turn   | Place    | Note
-------+----------+-------------------------------------------
     0 | Start Te | Lanoc the Immature Draconian Priest began the quest for the
                  | Orb.
     0 | Start Te | Reached XP level 1. HP: 14/14 MP: 3/3
     0 | Start Te | Found a sparkling altar of Nemelex Xobeh.
     1 | Start Te | Found a basalt altar of Yredelemnul.
     1 | Start Te | Found a white marble altar of Elyvilon.
     2 | Start Te | Found an iron altar of Okawaru.
     3 | Start Te | Found a glowing silver altar of Zin.
     3 | Start Te | Found a blossoming altar of Fedhas.
     4 | Start Te | Found a stormy altar of Qazlal.
     5 | Start Te | Found a glowing golden altar of the Shining One.
     5 | Start Te | Found an opulent altar of Gozag.
     6 | Start Te | Found a sacrificial altar of Ru.
     7 | Start Te | Found a faded altar of an unknown god.
     7 | Start Te | Found a hazy altar of Hepliaklqana.
    15 | Start Te | Became a worshipper of Ru the Awakened
   138 | D:1      | Slain by a cinder newt

Levels and vault maps discovered:
D:1:      dpeg_arrival_round_c, layout_basic
D:2:      layout_sewer, elyvilon_altar_4, first_ration, serial_column_ruins,
          column_ruins_hut, column_ruins_open_large, column_ruins_grid_1,
          column_ruins_columns_dead_end, column_ruins_open_tiny_water,
          column_ruins_columns_corner, grunt_ministairs_11, minivault_14,
          nicolae_ru_the_path_less_chosen

Action                   || total
-------------------------++-------
Melee: Unarmed           ||    43
 Abil: Breathe Dart      ||     2
Armor: Skin              ||     4
Dodge: Dodged            ||    32
